Map: Abyssal Reef LE

Players

IIIIIIIIIII

  • Race: Terran Terran
  • League: Master
  • Spawn Location: 11:00

Railgan - Winner!

  • Race: Zerg Zerg
  • League: Master
  • Spawn Location: 5:00

VOD

Have the link to the VOD?

Description

Coubter attack and defend 16 marine drop

Time

  • Played on: May 20, 2017, 7:59 p.m.
  • Length: 10:30
Show
View Real Time Build Order
Export as new Build Order

IIIIIIIIIII Terran 

Build Orders: Reaper Expand, MMM Bio 

Get SALT Encoding   

  12  0:00  SCV  
  13  0:13  SCV  
  14  0:17  Supply Depot  
  14  0:25  SCV  
  15  0:38  SCV  
  15  0:40  Barracks  
  16  0:44  Refinery  
  16  0:50  SCV  
  17  1:03  SCV  
  18  1:15  SCV  
  19  1:27  Orbital Command  
  19  1:28  Reaper  
  20  1:42  Command Center  
  20  1:51  Barracks  
  21  1:54  SCV  
  21  2:00  Barracks Reactor  
  21  2:06  SCV  
  22  2:09  Supply Depot  
  22  2:14  Refinery  
  22  2:18  SCV  
  23  2:25  Factory  
  23  2:31  SCV  
  24  2:38  Marine x2  
  24  2:39  Barracks Tech Lab  
  26  2:46  SCV  
  27  2:57  Marine x3  
  27  2:58  SCV  
  31  2:59  Stimpack  
  31  3:08  Orbital Command  
  31  3:10  SCV  
  32  3:17  Marine x3  
  35  3:24  Starport  
  35  3:27  Factory Reactor  
  35  3:30  SCV  
  36  3:34  SCV  
  37  3:41  Marine x2, Supply Depot  
  37  3:43  Marine  
  40  3:54  SCV  
  41  3:55  SCV  
  41  3:59  Marine  
  41  4:00  Marine  
  41  4:01  Marine  
  44  4:10  SCV  
  44  4:12  SCV  
  44  4:14  Medivac x2  
  44  4:17  Marine, Supply Depot  
  50  4:21  Supply Depot  
  50  4:23  SCV  
  50  4:24  SCV, Marine  
  54  4:38  Marine  
  54  4:39  SCV x2  
  54  4:42  Supply Depot  
  57  4:47  Supply Depot  
  57  4:51  SCV x2  
  59  4:57  Bunker  
  59  4:58  Engineering Bay, Medivac  
  59  4:59  Engineering Bay, Medivac, Marine x2  
  64  5:01  Marine  
  64  5:06  Cyclone  
  65  5:22  Combat Shields  
  65  5:23  Marine x2  
  62  5:41  Marine x2  
  55  5:46  SCV x2  
  57  5:52  Refinery  
  57  5:53  Refinery  
  57  5:56  Factory Reactor  
  56  5:58  SCV x2  
  58  6:08  Command Center  
  58  6:09  Marine x2  
  58  6:10  SCV x2, Marine  
  63  6:16  Supply Depot  
  63  6:22  SCV x2  
  65  6:29  Marine x3  
  65  6:30  Terran Infantry Weapons Level 1, Terran Infantry Armor Level 1  
  68  6:34  SCV x2  
  68  6:35  Barracks  
  68  6:39  Barracks  
  70  6:46  SCV  
  71  6:47  Marine x2  
  71  6:48  Marine  
  71  6:51  Widow Mine x2  
  71  6:52  Barracks  
  78  6:56  SCV  
  78  6:59  SCV  
  80  7:08  Marine x3  
  80  7:09  Medivac x2  
  80  7:10  SCV  
  80  7:11  SCV  
  80  7:12  Supply Depot  
  80  7:13  Supply Depot  
  89  7:20  Armory  
  89  7:25  Orbital Command  
  83  7:46  SCV x2  
  83  7:48  Barracks Tech Lab  
  83  7:49  Marine x2, Barracks Reactor x2  
  83  7:50  Marine  
  88  7:52  Concussive Shells  
  88  7:55  Liberator  
  88  8:00  Orbital Command  
  88  8:07  SCV x2, Marine x2  
  88  8:08  Factory Tech Lab, Marine  
  88  8:09  Supply Depot  
  88  8:10  Factory, Supply Depot  
  88  8:11  Marauder  
  88  8:24  Medivac  
  88  8:25  Marine x2  
  88  8:26  SCV x3, Marauder  
  94  8:32  Marine  
  94  8:33  Marine x4  
  99  8:38  SCV x2  
  99  8:39  Barracks  
  101  8:44  Marine x2  
  101  8:47  Marauder  
  105  8:50  Marine  
  105  8:52  SCV  
  105  8:54  SCV  
  81  9:36  SCV x3  
  83  9:40  Marauder x2, Marine x6  
  83  9:41  Medivac x2, Siege Tank  
  83  9:44  Marine, Refinery x2  
  83  9:45  Marine  
  102  9:49  Barracks  
  102  9:51  Supply Depot  
  102  9:52  Missile Turret x2  
  102  9:54  Missile Turret, Bunker  
  102  9:57  Supply Depot  
  102  9:58  Marine  
  98  10:11  Marine x3  
Show
View Real Time Build Order
Export as new Build Order

Railgan Zerg - Winner!

Build Orders: Pool First 

Get SALT Encoding   

  12  0:01  Drone  
  13  0:13  Overlord  
  13  0:17  Drone  
  14  0:31  Drone x2  
  14  0:35  Drone  
  17  0:46  Spawning Pool  
  17  0:48  Drone  
  18  0:57  Drone  
  18  1:13  Hatchery  
  18  1:14  Extractor  
  18  1:18  Drone  
  17  1:20  Drone  
  18  1:33  Queen, Zergling x2  
  22  1:40  Drone  
  22  1:51  Overlord  
  22  2:10  Queen, Drone  
  22  2:12  Drone  
  26  2:17  Metabolic Boost  
  26  2:22  Drone  
  27  2:24  Queen  
  29  2:33  Drone  
  30  2:37  Drone  
  30  2:38  Drone  
  30  2:44  Overlord  
  32  2:47  Drone x2  
  32  2:48  Overlord  
  33  2:51  Drone  
  34  3:00  Evolution Chamber, Drone x2  
  35  3:10  Drone x2  
  37  3:21  Drone x5  
  37  3:24  Zergling x2  
  37  3:26  Zerg Ground Armor Level 1  
  43  3:30  Overlord  
  43  3:37  Drone  
  43  3:38  Drone x2  
  46  3:48  Drone  
  46  3:52  Hatchery  
  46  3:54  Drone  
  47  3:56  Drone x2  
  47  3:57  Lair  
  47  3:58  Extractor  
  47  3:59  Drone  
  49  4:05  Drone x2  
  49  4:07  Extractor  
  50  4:10  Zergling x6  
  50  4:12  Overlord  
  50  4:16  Extractor  
  52  4:22  Drone  
  52  4:23  Drone  
  54  4:26  Overlord  
  55  4:31  Zergling x12  
  55  4:34  Overlord  
  60  4:40  Queen  
  60  4:43  Zergling x2  
  63  4:52  Zergling x4  
  65  4:56  Queen  
  67  5:01  Drone  
  67  5:02  Zergling x12, Hydralisk Den  
  73  5:10  Queen  
  73  5:12  Zergling x4  
  77  5:16  Zergling x2  
  73  5:31  Drone x10  
  83  5:38  Drone x3  
  84  5:44  Evolution Chamber  
  83  5:56  Overlord  
  83  5:59  Zerg Ground Armor Level 2, Drone x2  
  83  6:00  Muscular Augments  
  84  6:10  Drone x5  
  89  6:12  Extractor  
  89  6:14  Zerg Missile Weapons Level 1  
  88  6:22  Extractor  
  88  6:23  Overlord  
  88  6:25  Overlord  
  87  6:27  Overlord  
  87  6:29  Hatchery  
  82  6:39  Drone x4  
  86  6:40  Drone x3  
  86  6:42  Hydralisk x3  
  95  6:48  Hydralisk x2  
  99  6:57  Hydralisk x4  
  107  7:03  Overlord x2  
  107  7:06  Overlord  
  107  7:08  Overlord  
  102  7:09  Overlord  
  102  7:13  Hydralisk  
  104  7:17  Hydralisk x2  
  104  7:18  Hydralisk  
  104  7:21  Hydralisk  
  112  7:27  Hydralisk x3  
  117  7:39  Drone  
  117  7:40  Drone x3, Hydralisk  
  117  7:41  Hydralisk  
  121  7:47  Drone  
  121  7:48  Queen, Lurker Den, Drone x3  
  127  7:52  Hydralisk  
  129  8:08  Overlord  
  129  8:09  Drone  
  129  8:10  Hydralisk x6, Drone x2  
  144  8:16  Hydralisk x3  
  148  8:21  Zergling x8  
  148  8:26  Pneumatized Carapace  
  152  8:47  Zergling x14  
  159  8:50  Hydralisk x4  
  165  8:57  Extractor x2, Overlord  
  165  8:59  Overlord x2  
  165  9:02  Overlord, Hydralisk  
  153  9:03  Overlord  
  153  9:06  Hydralisk x6  
  155  9:12  Hydralisk x3  
  155  9:15  Hydralisk  
  159  9:22  Hydralisk x2  
  157  9:24  Hydralisk  
  157  9:26  Drone  
  157  9:28  Hydralisk  
  157  9:31  Lurker  
  160  9:32  Drone  
  160  9:33  Drone, Hydralisk  
  164  9:39  Hydralisk x2  
  168  9:46  Infestation Pit  
  168  9:48  Spire  
  168  9:51  Hydralisk  
  168  9:52  Hydralisk x3  
  174  9:59  Hatchery  
  173  10:01  Hydralisk x5  
Tags
 
Add a new tag
Caveats
  • Supply blocks, unpowered buildings, or Contaminate may cause inaccurate times.
  • Supply counts are checked every 10 seconds.